 Dungeon Crawl Stone Soup version 0.27.1-1-g398f81649c (webtiles) character file.

Game seed: 14826164564551783189

1400 jlumianski the Chopper (level 8, -8/73 HPs)
             Began as a Deep Dwarf Fighter on Sept 21, 2021.
             Was a Follower of Wu Jian.
             Mangled by an ice beast (12 damage)
             ... on level 6 of the Dungeon.
             The game lasted 00:26:59 (4946 turns).

jlumianski the Chopper (Deep Dwarf Fighter)         Turns: 4946, Time: 00:27:00

Health: -8/73      AC:  8    Str: 20    XL:     8   Next: 41%
Magic:  7/7        EV: 11    Int: 16    God:    Wu Jian [*.....]
Gold:   225        SH: 10    Dex: 13    Spells: 7/7 levels left

rFire    . . .     SeeInvis .   a - +1 war axe
rCold    . . .     Faith    .   c - +0 kite shield
rNeg     + . .     Spirit   .   o - +3 leather armour {rPois}
rPois    +         Reflect  .   t - +1 helmet
rElec    .         Harm     .   (no cloak)
rCorr    .         Rampage  .   (no gloves)
Will     +....                  (no boots)
Stlth    +.........             (no amulet)
HPRegen  0.00/turn              w - +6 ring of intelligence
MPRegen  0.10/turn              g - ring of positive energy

@: no status effects
A: damage resistance, heal wounds, sense surroundings 1, no regeneration
a: Heal Wounds, Renounce Religion


You were on level 6 of the Dungeon.
You worshipped Wu Jian.
Wu Jian was aware of your devotion.
You visited 2 branches of the dungeon, and saw 10 of its levels.

You collected 225 gold pieces.

Inventory:

Hand Weapons
 a - a +1 war axe (weapon)
 h - a +1 dagger of speed
 n - a +2 dagger of draining
 x - a +1 vorpal spear
 y - a +1 flail of venom
Missiles
 f - 146 stones
 p - 5 poisoned darts (quivered)
 s - a throwing net
 v - 12 sling bullets
 z - 22 bolts
 C - 7 curare-tipped darts
Armour
 b - a +0 scale mail
 c - a +0 kite shield (worn)
 o - a +3 leather armour of poison resistance (worn)
 t - a +1 helmet (worn)
Jewellery
 e - a ring of see invisible
 g - a ring of positive energy (right hand)
 l - a ring of ice
 w - a +6 ring of intelligence (left hand)
Wands
 m - a wand of iceblast (4)
Scrolls
 r - 3 scrolls of identify
Potions
 d - 4 potions of might
 i - 4 potions of curing
 u - a potion of heal wounds
 B - a potion of mutation


   Skills:
 + Level 4.6 Fighting
 + Level 7.3 Axes
 + Level 1.6 Throwing
 + Level 4.8 Armour
 + Level 3.5 Dodging
 + Level 1.2 Stealth
 + Level 5.8 Shields
 + Level 0.6 Evocations


You had 7 spell levels left.
You didn't know any spells.
Your spell library contained the following spells:

 Spells                   Type           Power      Damage    Failure   Level
 Beastly Appendage        Tmut           0%         N/A       67%         1
 Sting                    Tmut/Pois      0%         1d3       67%         1
 Ensorcelled Hibernation  Hex/Ice        0%         N/A       82%         2
 Poisonous Vapours        Pois/Air       0%         N/A       82%         2
 Wereblood                Tmut           0%         N/A       82%         2
 Spider Form              Tmut/Pois      0%         N/A       96%         3
 Stone Arrow              Conj/Erth      0%         3d7       96%         3
 Animate Armour           Summ/Erth      0%         N/A       100%        4
 Olgreb's Toxic Radiance  Pois           0%         N/A       100%        4
 Passage of Golubria      Tloc           N/A        N/A       100%        4
 Silence                  Hex/Air        0%         N/A       100%        5
 Shadow Creatures         Summ           N/A        N/A       100%        6
 Lehudib's Crystal Spear  Conj/Erth      0%         10d2      100%        8


Dungeon Overview and Level Annotations

Branches:
Dungeon (9/15)             Temple (1/1) D:5
   Lair: D:8-11         Orc: D:9-12

Altars:
Ashenzari
Cheibriados
Dithmenos
Elyvilon
Fedhas
Hepliaklqana
Kikubaaqudgha
Makhleb
Nemelex Xobeh
Okawaru
Qazlal
Sif Muna
Trog
Uskayaw
Wu Jian
Yredelemnul
Zin
The Shining One


Innate Abilities, Weirdness & Mutations

You are resistant to damage.
You can heal yourself by infusing magical energy.
You passively map a small area around you.
You do not regenerate.


Message History

You closely miss the ice beast.
The ice beast hits you but does no damage.
You hit the ice beast.
The ice beast is lightly wounded.
The ice beast hits you but does no damage.
The ice beast completely misses you.
You closely miss the ice beast.
The ice beast is lightly wounded.
The ice beast barely misses you.
You closely miss the ice beast.
The ice beast is lightly wounded.
The ice beast misses you.
You barely miss the ice beast.
The ice beast is lightly wounded.
The ice beast misses you. You block the ice beast's attack.
You slash the ice beast!
The ice beast is moderately wounded.
The ice beast closely misses you.
You hit the ice beast but do no damage.
The ice beast is moderately wounded.
The ice beast hits you but does no damage.
You closely miss the ice beast.
The ice beast is moderately wounded.
The ice beast barely misses you. You block the ice beast's attack.
You closely miss the ice beast.
The ice beast is moderately wounded.
The ice beast barely misses you.
You closely miss the ice beast.
The ice beast is moderately wounded.
The ice beast closely misses you.
You hit the ice beast.
The ice beast is moderately wounded.
The ice beast hits you. The ice beast freezes you!
* * * LOW HITPOINT WARNING * * *
The ice beast hits you. The ice beast freezes you!
* * * LOW HITPOINT WARNING * * *
You hit the ice beast.
The ice beast is heavily wounded.
The ice beast hits you. The ice beast freezes you!
You die...

, , ,* #......# , , ,
#......# * , ,
#......##* .... , ,
#....... ,...$.
#..?...#* ....# *
*#......###....# *
.##.............
......Y@.....####
................. ,
..............##
....#####.....##....#
... #.....##....# ..
#.....##....### ,*.
#.....##....#.. , *
##.##.##....#.#* *,
########.##.##....#.#


You could see an ice beast.

Vanquished Creatures
  Prince Ribbit (D:5)
  A hornet (D:4)
  An acid dragon (D:5)
  2 black bears (D:4)
  A phantom (D:4)
  A bullfrog (D:7)
  3 wights (D:8)
  2 centaur zombies
  3 hounds
  An orc priest (D:4)
  A centaur skeleton (D:4)
  Ijyb (D:3)
  A hound skeleton (D:5)
  4 gnolls
  4 adders
  A white imp (D:5)
  A dart slug (D:3)
  4 worms
  19 orcs
  6 endoplasms
  8 giant cockroaches
  6 goblins
  8 hobgoblins
  3 jackals
  A quokka (D:2)
  5 ball pythons
  4 bats
  2 frilled lizards
  5 kobolds
  3 rats
  A spectral hobgoblin (D:2)
104 creatures vanquished.

Notes
Turn   | Place    | Note
-------+----------+-------------------------------------------
     0 | D:1      | jlumianski the Deep Dwarf Fighter began the quest for the
                  | Orb.
     0 | D:1      | Reached XP level 1. HP: 20/20 MP: 1/1
   110 | D:1      | Reached XP level 2. HP: 17/27 MP: 2/2
   757 | D:1      | You fall into a shaft and drop 1 floor!
  1053 | D:2      | Reached XP level 3. HP: 21/33 MP: 3/3
  1091 | D:2      | Found a faded altar of an unknown god.
  1932 | D:2      | Reached skill level 3 in Axes
  2275 | D:3      | Reached XP level 4. HP: 33/42 MP: 4/4
  2300 | D:3      | Found an ornate altar of the Wu Jian Council.
  2356 | D:3      | Became a worshipper of the Wu Jian Council
  2378 | D:3      | Noticed Ijyb
  2387 | D:3      | Killed Ijyb
  2768 | D:4      | HP: 1/42 [orc (3)]
  2772 | D:4      | Reached XP level 5. HP: 33/49 MP: 5/5
  2905 | D:4      | Found a white marble altar of Elyvilon.
  3100 | D:4      | Noticed a black bear
  3112 | D:4      | Killed a black bear
  3113 | D:4      | Reached skill level 4 in Axes
  3113 | D:4      | Reached skill level 1 in Dodging
  3113 | D:4      | Reached XP level 6. HP: 24/56 MP: 6/6
  3247 | D:4      | Found a blossoming altar of Fedhas.
  3307 | D:4      | Reached skill level 1 in Throwing
  3363 | D:4      | Noticed a hornet
  3378 | D:4      | Killed a hornet
  3379 | D:4      | Reached skill level 5 in Axes
  3379 | D:4      | Reached XP level 7. HP: 13/63 MP: 7/7
  3570 | D:5      | Entered Level 5 of the Dungeon
  3570 | D:5      | Noticed Prince Ribbit
  3675 | D:5      | Reached * piety under Wu Jian
  3785 | D:4      | Reached skill level 5 in Shields
  3875 | D:5      | You fall into a shaft and drop 3 floors!
  3878 | D:9      | Noticed a yak
  3878 | D:9      | Noticed a yak
  3878 | D:9      | Noticed a yak
  3878 | D:9      | Noticed a yak
  3878 | D:9      | Noticed a yak
  3879 | D:9      | Noticed a yak
  3879 | D:9      | Noticed a shadow
  3879 | D:9      | Noticed a boulder beetle
  3926 | D:8      | Reached skill level 1 in Stealth
  3935 | D:8      | Reached skill level 6 in Axes
  4020 | D:8      | Found a snail-covered altar of Cheibriados.
  4198 | D:5      | Found a staircase to the Ecumenical Temple.
  4218 | Temple   | Entered the Ecumenical Temple
  4478 | D:5      | Killed Prince Ribbit
  4479 | D:5      | Reached XP level 8. HP: 36/73 MP: 7/7
  4535 | D:4      | Reached skill level 7 in Axes
  4683 | D:5      | Found an iron altar of Okawaru.
  4946 | D:6      | Mangled by an ice beast

Illustrated notes

Levels and vault maps discovered:
D:1:      ebering_hopf_link, layout_loops_ring
D:2:      layout_basic, dreamdust_ecumenical_altar_drowned_temple
D:3:      layout_basic, nzn_wu_jian_contemplation, uniq_ijyb
D:4:      layout_gridville, mainiacjoe_overflow_catwalk_spiral
D:5:      layout_rooms, okawaru_gym_becter, minmay_temple_entry_offerings,
          uniq_prince_ribbit1
D:6:      layout_basic, mainiacjoe_overflow_six_doors_small, serial_shops, shop
D:7:      layout_loops_ring, old_standard_altar, grunt_gozag_statues,
          serial_shops, shop_fountains
D:8:      layout_loops_ring, overflow_temple_1_default, uniq_joseph
D:9:      layout_long_grid, lemuel_round_altar, david_orc_1_choice,
          minmay_liquid_box, grunt_ministairs_10, library_closet
Temple:   nicolae_temple_figure_eight

Skill      XL: |  1  2  3  4  5  6  7  8 |
---------------+-------------------------+-----
Fighting       | 3 4 |  4.6
Armour         | 4 |  4.8
Axes           | 3 4 5 6 7 |  7.3
Shields        | 4 5 |  5.8
Dodging        | 1 2 3 |  3.5
Throwing       | 1 |  1.6
Stealth        | 1 |  1.2
Evocations     | |  0.6

Action                   |  1- 3 |  4- 6 |  7- 9 || total
-------------------------+-------+-------+-------++-------
Melee: War axe           |   129 |    87 |   154 ||   370
       Unarmed           |       |       |     1 ||     1
Throw: Stone             |    55 |     4 |       ||    59
       Dart              |       |     8 |    10 ||    18
Invok: Lunge             |       |     8 |    10 ||    18
       Whirlwind         |       |       |     4 ||     4
 Abil: Heal Wounds       |     2 |     2 |     4 ||     8
Evoke: Wand              |       |       |     2 ||     2
  Use: Potion            |     1 |       |       ||     1
       Scroll            |       |       |     6 ||     6
Armor: Scale mail        |    74 |    10 |       ||    84
       Leather armour    |       |    38 |    53 ||    91
Dodge: Dodged            |    31 |    43 |    85 ||   159
Block: Kite shield       |    68 |    73 |    89 ||   230
